 Dungeon Crawl Stone Soup version 0.20-a0-9-g62d82d9 (webtiles) character file.

4528 dobroeutro the Basher (level 10, -20/64 HPs)
             Began as a Gargoyle Fighter on Nov 2, 2016.
             Demolished by a spatial maelstrom (22 damage)
             ... on level 1 of the Abyss.
             The game lasted 00:12:51 (7774 turns).

dobroeutro the Basher (Gargoyle Fighter)            Turns: 7774, Time: 00:12:51

Health: -20/64     AC: 19    Str: 27    XL:     10   Next: 39%
Magic:  19/19      EV: 12    Int:  9    God:
Gold:   548        SH:  0    Dex: 10    Spells: 0 memorised, 9 levels left

rFire  . . .     SeeInvis .     F - +10 quarterstaff of Urukitam {venom, Str+5}
rCold  . . .     Gourm    .     b - +0 scale mail
rNeg   + . .     Faith    .     (shield currently unavailable)
rPois  ∞         Spirit   .     P - +2 helmet
rElec  +         Reflect  .     (no cloak)
rCorr  .         Harm     .     C - +0 pair of gloves (curse)
MR     .....                    (no boots)
Stlth  ..........               (no amulet)
                                H - ring of flight
                                o - ring of magical power

@: about to teleport
A: negative energy resistance 1, electricity resistance, unbreathing,
petrification resistance, rot immunity, AC +7
a: Evoke Flight


You were on level 1 of the Abyss.
You were very hungry.

You visited 2 branches of the dungeon, and saw 10 of its levels.
You visited the Abyss 1 time.
You also visited: Sewer and Ossuary.

You collected 548 gold pieces.

Inventory:

Hand Weapons
 m - a +1 morningstar
 s - a +0 whip of electrocution
 A - a +2 flail of crushing
 F - the +10 quarterstaff of Urukitam (weapon) {venom, Str+5}
   (You found it on level 6 of the Dungeon)

   It poisons the flesh of those it strikes.
   It affects your strength (+5).
Armour
 b - a +0 scale mail (worn)
 c - a +0 shield
 p - a +2 hat
 C - a cursed +0 pair of gloves (worn)
 P - a +2 helmet (worn)
Jewellery
 o - a ring of magical power (left hand)
 H - a ring of flight (right hand)
Wands
 u - a wand of slowing (33/48)
 D - a wand of flame (32/48)
 N - a wand of iceblast (10/15)
 Q - a wand of flame (31/48)
Scrolls
 e - 5 scrolls of recharging
 y - 4 scrolls of fear
 z - 11 scrolls of identify
 B - 5 scrolls of remove curse
 E - a scroll of random uselessness
 G - a scroll of noise
 I - 2 scrolls of amnesia
 L - a scroll of enchant weapon
 M - a scroll of immolation {unknown}
 O - a scroll of fog
Potions
 a - a potion of berserk rage {unknown}
 d - 3 potions of might
 g - 3 potions of curing
 h - 8 potions of brilliance
 i - 4 potions of magic
 j - a potion of cure mutation
 n - 6 potions of degeneration {unknown}
 q - 2 potions of agility {unknown}
 r - 2 potions of heal wounds
 v - 6 potions of haste {unknown}
 w - 7 potions of flight
 x - a potion of mutation {unknown}
 K - a potion of cancellation {unknown}
 R - a potion of ambrosia {unknown}
Comestibles
 f - 7 bread rations
 k - 4 meat rations
 t - 26 fruits
 J - a royal jelly


   Skills:
 + Level 7.7 Fighting
 + Level 10.2 Maces & Flails
 + Level 7.8 Armour
 + Level 5.1 Dodging
 - Level 3.2 Shields


You had 9 spell levels left.
You didn't know any spells.

Dungeon Overview and Level Annotations

Branches:
Dungeon (9/15)             Temple (1/1) D:6
   Lair: D:8-11         Orc: D:9-12

Altars:
Ashenzari
Dithmenos
Elyvilon
Fedhas
Gozag
Hepliaklqana
Kikubaaqudgha
Makhleb
Nemelex Xobeh
Qazlal
Sif Muna
Trog
Uskayaw
Vehumet
Xom
Yredelemnul
Zin
The Shining One

Annotations:
D:9 p0werm0de's ghost, amateur FoAs


Innate Abilities, Weirdness & Mutations

You are resistant to torment.
Your stone body is resilient. (AC +7)
You are immune to poison.
You resist negative energy. (rN+)
You are resistant to electric shocks. (rElec)
You can survive without breathing.
You are immune to petrification.
You are immune to rotting.


Message History

The death knight barely misses you.
The death knight hits you with a morningstar.
The death knight hits you but does no damage.
A spatial maelstrom comes into view.
As you read the scroll of teleportation, it crumbles to dust.
You feel strangely unstable.
You feel the power of the Abyss delaying your translocation!
The death knight hits you with a morningstar! 2 spatial vortices come into view.
The spatial maelstrom hits you! Space warps horribly around you!
* * * LOW HITPOINT WARNING * * *
The spatial maelstrom hits you but does no damage.
The death knight offers itself to Yredelemnul, and fills with unholy energy.
The spatial vortex hits you but does no damage.
Found a meat ration.
A spatial vortex comes into view.
The spatial vortex moves out of view.
The spatial maelstrom hits you!
* * * LOW HITPOINT WARNING * * *
Space warps horribly around you!
You die...

...#.. #### #..#...
## #.. ###..#....
..#.#. ##........ ..
.. ## .###.........
...# #
.#.#........... .
..#.##. #..........
. .
#.#.....###@.....%.
... ...#
.####vv.#..... . ..
###....##..## ##. ..
## . .##vp#...# .
...####.#.##.##....#
......
.###.#...##... ...
#......##.#...# ## #
##.. ...###..§. ..
####...# #..#..


You could see a death knight, a spatial maelstrom and 2 spatial vortices.

Vanquished Creatures
  Pikel (D:5)
  A hill giant (D:9)
  The ghost of braks the Vexing, an amateur DEAM (Ossuary)
  A hippogriff (D:9)
  Sigmund (D:2)
  Menkaure (Ossuary)
  Edmund (D:4)
  An ice beast (D:6)
  Duvessa (D:5)
  An orc warrior (D:7)
  A slave (D:5)
  2 ogres (D:9)
  3 phantoms
  2 centaurs
  A big kobold (D:9)
  A bullfrog (D:7)
  3 scorpions
  A water moccasin zombie (D:5)
  A wyvern skeleton (D:7)
  6 killer bees (D:9)
  2 howler monkeys (D:9)
  4 crimson imps
  A centaur zombie (D:6)
  6 hounds
  A jelly (D:8)
  5 orc wizards
  A centaur skeleton (D:4)
  An orc priest (D:7)
  Jessica (D:2)
  Terence (D:1)
  4 iguanas
  8 worker ants
  3 mummies (Ossuary)
  A worker ant zombie (D:9)
  8 adders
  14 gnolls
  5 oozes
  5 worms
  An adder skeleton (D:9)
  4 dart slugs
  8 leopard geckos
  21 orcs
  4 ball pythons
  5 bats
  15 giant cockroaches
  3 gnoll zombies (Ossuary)
  4 goblins
  6 hobgoblins
  4 jackals (Sewer)
  3 quokkas
  8 frilled lizards
  3 gnoll skeletons (Ossuary)
  A goblin skeleton (Ossuary)
  2 goblin zombies (Ossuary)
  A hobgoblin skeleton (Ossuary)
  A hobgoblin zombie (Ossuary)
  A jackal skeleton (D:4)
  4 kobolds
  2 kobold zombies (Ossuary)
  3 orc skeletons (Ossuary)
  5 orc zombies (Ossuary)
  A quokka skeleton (D:4)
  6 rats
  A rat skeleton (Ossuary)
  A rat zombie (Ossuary)
220 creatures vanquished.

Vanquished Creatures (others)
  Dowan (D:5)
  A bullfrog skeleton (D:5)
  A hound (D:5)
  An adder zombie (D:5)
  A gnoll zombie (Ossuary)
  3 gnoll skeletons (Ossuary)
  A goblin skeleton (Ossuary)
  2 goblin zombies (Ossuary)
  A hobgoblin skeleton (Ossuary)
  A hobgoblin zombie (Ossuary)
  4 kobold skeletons (Ossuary)
  A kobold zombie (Ossuary)
  3 orc skeletons (Ossuary)
  2 orc zombies (Ossuary)
  4 rat skeletons (Ossuary)
  4 rat zombies (Ossuary)
  A fungus (D:8)
32 creatures vanquished.

Grand Total: 252 creatures vanquished

Notes
Turn   | Place    | Note
-------+----------+-------------------------------------------
     0 | D:1      | dobroeutro the Gargoyle Fighter began the quest for the Orb.
     0 | D:1      | Reached XP level 1. HP: 14/14 MP: 1/1
   204 | D:1      | Reached XP level 2. HP: 19/19 MP: 2/2
   235 | D:1      | Reached skill level 3 in Maces & Flails
   579 | D:1      | Reached XP level 3. HP: 23/23 MP: 3/3
   746 | D:2      | Noticed Terence
   821 | D:1      | Killed Terence
   821 | D:1      | Reached skill level 4 in Maces & Flails
   821 | D:1      | Reached XP level 4. HP: 6/28 MP: 4/4
  1236 | D:2      | Noticed Jessica
  1239 | D:2      | Killed Jessica
  1262 | D:2      | Reached skill level 5 in Maces & Flails
  1263 | D:2      | Reached XP level 5. HP: 29/32 MP: 5/5
  1397 | D:2      | Found a faded altar of an unknown god.
  1397 | D:2      | Found a faded altar of an unknown god.
  1402 | D:2      | Found a blossoming altar of Fedhas.
  1404 | D:2      | Found a faded altar of an unknown god.
  1406 | D:2      | Found a faded altar of an unknown god.
  1453 | D:2      | Noticed Sigmund
  1568 | D:2      | Killed Sigmund
  1568 | D:2      | Reached skill level 6 in Maces & Flails
  1568 | D:2      | Reached XP level 6. HP: 23/37 MP: 6/6
  2109 | D:3      | Found a burning altar of Makhleb.
  2112 | D:3      | Reached skill level 7 in Maces & Flails
  2114 | D:3      | Noticed a green death
  2283 | D:3      | Found a glowing drain.
  2302 | Sewer    | Entered a sewer
  2471 | Sewer    | Reached XP level 7. HP: 40/41 MP: 7/7
  3045 | D:4      | Noticed Edmund
  3050 | D:4      | Killed Edmund
  3050 | D:4      | Reached skill level 8 in Maces & Flails
  3531 | D:4      | Reached skill level 1 in Dodging
  3645 | D:5      | Entered Level 5 of the Dungeon
  3728 | D:5      | Noticed Pikel
  3764 | D:5      | Killed Pikel
  3764 | D:5      | Reached XP level 8. HP: 44/48 MP: 8/8
  3837 | D:5      | Killed Dowan
  3842 | D:5      | Noticed Duvessa
  3868 | D:5      | Killed Duvessa
  3868 | D:5      | Reached skill level 5 in Armour
  4137 | D:5      | Reached skill level 9 in Maces & Flails
  4250 | D:5      | Reached skill level 5 in Fighting
  4586 | D:6      | Reached XP level 9. HP: 54/54 MP: 9/9
  4662 | D:6      | Found a staircase to the Ecumenical Temple.
  4684 | Temple   | Entered the Ecumenical Temple
  5008 | D:6      | Found an opulent altar of Gozag.
  5116 | D:6      | Found a bloodstained altar of Trog.
  5182 | D:6      | Got a pitted quarterstaff
  5188 | D:6      | Identified the +10 quarterstaff of Urukitam {venom, Str+5} (You found it on level 6 of the Dungeon)
  6126 | D:7      | Found a sparkling altar of Nemelex Xobeh.
  6259 | D:8      | Found a sand-covered staircase.
  6283 | Ossuary  | Entered an ossuary
  6578 | Ossuary  | Noticed braks's ghost (amateur DEAM)
  6588 | Ossuary  | Killed braks's ghost
  6692 | Ossuary  | Noticed Menkaure
  6701 | Ossuary  | Killed Menkaure
  6869 | D:9      | Found a hide-covered altar of Uskayaw.
  6937 | D:9      | Reached XP level 10. HP: 60/63 MP: 10/10
  7006 | D:9      | Found a deep blue altar of Sif Muna.
  7039 | D:9      | Reached skill level 10 in Maces & Flails
  7121 | D:9      | Noticed a hill giant
  7143 | D:9      | Killed a hill giant
  7371 | D:9      | Reached skill level 5 in Dodging
  7560 | D:9      | Noticed p0werm0de's ghost (amateur FoAs)
  7564 | D:9      | Cast into level 1 of the Abyss (p0werm0de's ghost)
  7565 | Abyss:1  | Noticed a worldbinder
  7568 | Abyss:1  | Noticed a siren
  7568 | Abyss:1  | Noticed a manticore
  7575 | Abyss:1  | Noticed a manticore
  7577 | Abyss:1  | Noticed a siren
  7626 | Abyss:1  | Noticed a large abomination
  7721 | Abyss:1  | Noticed a death knight
  7770 | Abyss:1  | Noticed a spatial maelstrom
  7774 | Abyss:1  | HP: 2/64 [spatial maelstrom (11)]
  7774 | Abyss:1  | Demolished by a spatial maelstrom

Vault maps used:
D:1:      minmay_arrival_four_houses
D:2:      chequers_temple_overflow_minitemple, minmay_pentomino_t4,
          uniq_jessica, uniq_sigmund, uniq_terence
D:3:      makhleb_altar_promises_db, first_bread, portal_sewer_entry_e
D:4:      uniq_edmund
D:5:      hangedman_abyss_or_decor_stabs, uniq_pikel, uniq_duvessa
D:6:      lemuel_coloured_pillars_altar,
          nicolae_gozag_cash_rules_everything_around_me
D:7:      nemelex_xobeh_ov_fountains_minmay, hangedman_abyss_or_decor_slice
D:8:      nicolae_overflow_crystal_walls, nicolae_ru_sacrificial_ziggurat,
          grunt_lair_entry_orc_guard_hut, enter_ossuary_1
D:9:      overflow_temple_1_default, nicolae_overflow_hidden_temple,
          lemuel_crystal_altar, minmay_misc_feat_chi,
          minmay_misc_feat_nine_boxes, blue_anna_alchemist
Temple:   hc_temple_tempest_star
Sewer:    sewer_fruit_machine
Ossuary:  ossuary_due_pyramid

Skill      XL: |  1  2  3  4  5  6  7  8  9 10 |
---------------+-------------------------------+-----
Maces & Flails | 3 4 5 6 7 8 9 10 | 10.2
Dodging        | 2 4 5 |  5.1
Fighting       | 4 5 7 |  7.7
Armour         | 4 5 7 |  7.8
Shields        | |  3.2

Action                   |  1- 3 |  4- 6 |  7- 9 | 10-12 || total
-------------------------+-------+-------+-------+-------++-------
Melee: Flail             |    90 |    16 |   190 |       ||   296
       Morningstar       |       |    69 |       |       ||    69
       Whip              |       |   123 |    62 |       ||   185
       Quarterstaff      |       |       |   140 |    57 ||   197
  Use: Scroll            |       |     5 |    10 |     3 ||    18
       Potion            |       |       |     1 |       ||     1
  Eat: Chunk             |       |     5 |     8 |       ||    13
       Bread ration      |       |       |     2 |       ||     2
Armor: Scale mail        |    52 |   153 |   169 |    61 ||   435
Dodge: Dodged            |    22 |    57 |   143 |    65 ||   287
Block: Shield            |    52 |   122 |    97 |       ||   271
